 Dungeon Crawl Stone Soup version 0.30-a0-368-g86fb4627a9 (webtiles) character file.

Game seed: 1477303238515598285

137605 Zonian the Warrior (level 17, -12/139 HPs)
             Began as a Djinni Ice Elementalist on Nov 18, 2022.
             Was a Priest of Ashenzari.
             Collided with a rock wall (32 damage)
             ... caused by Bai Suzhen
             ... on level 3 of the Spider Nest.
             The game lasted 02:18:23 (47929 turns).

Zonian the Warrior (Djinni Ice Elementalist)       Turns: 47929, Time: 02:18:23

Health: -12/139    AC: 13    Str:  7    XL:     17   Next: 83%
Gold:   1802       EV: 17    Int: 22    God:    Ashenzari [***...] SH: 21 Dex: 16

rFire   + + +      SeeInvis +    K - +8 rapier of Bile {vorpal, Int+2}
rCold   . . .      Faith    .    T - +5 kite shield {reflect}
rNeg    . . .      Spirit   .    Y - +3 leather armour of Toth-Mos's Legacy {Will+, Self, Range} (curse)
rPois   ∞          Reflect  +    U - +2 helmet "Overhang to Understand" {Fort, Cun} (curse)
rElec   .          Harm     .    g - +0 cloak "Oracular Stickiness" {Cun, Fort} (curse)
rCorr   .          Rampage  .    u - +2 pair of gloves of Ashenzari's Affliction {Fort, Self} (curse)
Will    ++...      Archmagi +    (boots unavailable)
Stlth   +++....... Clarity  +    k - amulet of the Perceptive Heavens {Reflect SH+5, Cun, Self} (curse)
HPRegen 0.43/turn                A - ring of Attitude {rPois rF+ rC+ Int-3}
MPRegen 0.00/turn                l - ring of the Mage {Wiz Archmagi}

@: flying
A: sickness immunity, fire resistance 2, cold vulnerability 1, float, innate
caster, HP casting, extra vitality 1
a: Renounce Religion, Shatter the Chains


You were on level 3 of the Spider Nest.
You worshipped Ashenzari.
Ashenzari was most pleased with you.
You visited 5 branches of the dungeon, and saw 26 of its levels.
You also visited: Ossuary and Bailey.

You collected 2718 gold pieces.
You spent 916 gold pieces at shops.

Inventory:

Hand Weapons
 d - a +1 scimitar of flaming
 q - a +2 short sword of draining
 w - a +8 sling of freezing
 B - the +2 long sword "Virhan" {antimagic, rElec SInv}
   (You found it on level 12 of the Dungeon)

   It reduces the magical energy of the wielder, and disrupts the spells and
   magical abilities of those it strikes.
   Natural abilities and divine invocations are not affected.
   rElec:     It insulates you from electricity.
   SInv:      It lets you see invisible.
 K - the +8 rapier of Bile (weapon) {vorpal, Int+2}
   (You found it on level 9 of the Dungeon)

   It inflicts extra damage upon your enemies.
   Int:       It affects your intelligence (+2).
 L - a +2 short sword of electrocution
Missiles
 h - 17 boomerangs
 n - 2 throwing nets
 x - 50 poisoned darts
 R - 6 silver javelins
Armour
 g - the cursed +0 cloak "Oracular Stickiness" (worn) {Cun, Fort}
   (You found it on level 1 of the Dungeon)

   It has a curse which improves the following skills: Cunning: Dodging and
   Stealth.
   Fortitude: Armour and Shields.
 u - the cursed +2 pair of gloves of Ashenzari's Affliction (worn) {Fort, Self}
   (You found it on level 5 of the Dungeon)

   It has a curse which improves the following skills: Fortitude: Armour and
   Shields.
   Introspection: Fighting and Spellcasting.
 T - a +5 kite shield of reflection (worn)
 U - the cursed +2 helmet "Overhang to Understand" (worn) {Fort, Cun}
   (You bought it in a shop on level 7 of the Dungeon)

   It has a curse which improves the following skills: Fortitude: Armour and
   Shields.
   Cunning:   Dodging and Stealth.
 W - the +1 leather armour "Jufeir" {Str+6 Int+2 Dex-3 SInv}
   (You found it on level 4 of the Lair of Beasts)

   Str:       It affects your strength (+6).
   Int:       It affects your intelligence (+2).
   Dex:       It affects your dexterity (-3).
   SInv:      It lets you see invisible.
 X - a +0 troll leather armour
 Y - the cursed +3 leather armour of Toth-Mos's Legacy (worn) {Will+, Self, Range}
   (You found it on level 5 of the Lair of Beasts)

   It has a curse which improves the following skills: Introspection: Fighting
   and Spellcasting.
   Ranged Combat: Ranged Weapons and Throwing.
Jewellery
 a - a ring of resist corrosion
 k - the cursed amulet of the Perceptive Heavens (around neck) {Reflect SH+5, Cun, Self}
   (You bought it in a shop on level 2 of the Orcish Mines)

   [amulet of reflection]

   It reflects blocked missile attacks.
   SH:        It affects your SH (+5).
   It has a curse which improves the following skills: Cunning: Dodging and
   Stealth.
   Introspection: Fighting and Spellcasting.
 l - the ring of the Mage (right hand) {Wiz Archmagi}
   (You found it on level 3 of the Spider Nest)

   [ring of wizardry]

   It improves your spell success rate.
   Archmagi:  It increases the power of your magical spells.
 r - a +4 ring of slaying
 A - the ring of Attitude (left hand) {rPois rF+ rC+ Int-3}
   (You found it on level 11 of the Dungeon)

   [ring of protection from cold]

   Int:       It affects your intelligence (-3).
   rF:        It protects you from fire.
   rC:        It protects you from cold.
   rPois:     It protects you from poison.
 V - a ring of ice
Wands
 b - a wand of mindburst (7)
 s - a wand of paralysis (6)
 z - a wand of flame (39)
 M - a wand of polymorph (13)
 N - a wand of digging (3)
Scrolls
 p - 5 scrolls of teleportation
 E - 6 scrolls of magic mapping
 F - a scroll of fog
 H - a scroll of blinking
 I - 2 scrolls of brand weapon
 P - 2 scrolls of poison
 Z - a scroll of summoning
Potions
 c - 10 potions of curing
 e - 5 potions of invisibility
 f - 5 potions of might
 i - a potion of lignification
 j - 7 potions of haste
 m - 6 potions of mutation
 v - a potion of heal wounds
 C - 4 potions of resistance
 D - 3 potions of ambrosia
 S - 3 potions of brilliance
Miscellaneous
 Q - a box of beasts (inert)


   Skills:
 - Level 15.6(18.7) Fighting
 - Level 13.3 Short Blades
 + Level 10.2(11.8) Ranged Weapons
 - Level 9.9(13.1) Dodging
 - Level 2.3(4.8) Stealth
 - Level 5.5(8.7) Shields
 - Level 14.2(17.4) Spellcasting
 - Level 6.3 Evocations


You had 9 spell levels left.
You knew the following spells:

 Your Spells              Type           Power      Damage    Failure   Level
a - Freeze                Ice            100%       1d10      0%          1
b - Frozen Ramparts       Ice            100%       1d16      0%          3
c - Ozocubu's Armour      Ice            97%        N/A       0%          3
d - Summon Ice Beast      Ice/Summ       97%        N/A       1%          4
e - Sandblast             Erth           100%       2d20      0%          1
f - Static Discharge      Conj/Air       100%       2-7/arc   0%          2
g - Teleport Other        Tloc           97%        N/A       0%          3
h - Stone Arrow           Conj/Erth      100%       3d13      0%          3
i - Passage of Golubria   Tloc           97%        N/A       1%          4
j - Blade Hands           Tmut           48%        N/A       1%          5
k - Simulacrum            Ice/Necr       48%        N/A       1%          6
l - Conjure Ball Lightni  Conj/Air       48%        3x3d17    1%          6
Your spell library was empty.

Dungeon Overview and Level Annotations

Branches:
Dungeon (15/15)            Temple (1/1) D:4            Lair (5/5) D:9
 Shoals (0/4) Lair:3       Spider (3/4) Lair:3        Slime (0/5) Lair:4
    Orc (2/2) D:11            Elf (0/3) Orc:2        Vaults (0/5) D:14
 Depths (0/4) D:15        Ossuary (visited)          Bailey (visited)

Altars:
Ashenzari
Cheibriados
Dithmenos
Elyvilon
Fedhas
Hepliaklqana
Nemelex Xobeh
Okawaru
Qazlal
Ru
Wu Jian
Jiyva

Shops:
D:7 :*[![   Orc:1 ?   Orc:2 !(=[

Annotations:
D:3 Ijyb
D:15 2 transporters
Lair:2 1 runed translucent door, mcwallace's ghost, novice TrTm
Lair:4 1 runed translucent door, exclusion: orange crystal statue
Spider:2 3 runed translucent doors, Mecw's ghost, adept GrFi
Spider:3 Bai Suzhen


Innate Abilities, Weirdness & Mutations

You are immune to sickness and miasma.
You are immune to poison.
Your flesh is very heat resistant. (rF++)
You are vulnerable to cold. (rC-)
You float through the air rather than walking.
You learn spells naturally, not from books.
Your magical power is your life essence.
You have superior vitality. (+4 MHP)


Message History

Bai Suzhen is severely wounded.
You are standing in a thunderstorm.
Bai Suzhen closely misses you. You block Bai Suzhen's attack.
Bai Suzhen tramples you!
You are shoved backwards!
Your icy armour cracks and falls away as you move.
You pick your way through the web.
You hit Bai Suzhen.
Bai Suzhen is almost dead.
You are standing in a thunderstorm.
The eight-headed hydra evades a web.
You block Bai Suzhen's attack. Bai Suzhen claws you!
Bai Suzhen completely misses you.
Unknown command.
You hit Bai Suzhen but do no damage.
Bai Suzhen is severely wounded.
You are standing in a thunderstorm.
Your demonic crawler simulacrum hits Bai Suzhen but does no damage. x3
Your juvenile shockfire beast hits Bai Suzhen but does no damage.
Bai Suzhen bites your demonic crawler simulacrum!!
Your demonic crawler simulacrum vaporises!
Bai Suzhen roars deafeningly!
You hit Bai Suzhen but do no damage.
Bai Suzhen is severely wounded.
You are standing in a thunderstorm.
Your juvenile shockfire beast hits Bai Suzhen.
Unknown command.
You hit Bai Suzhen.
Bai Suzhen is almost dead.
You are standing in a thunderstorm.
You block Bai Suzhen's attack. x3
The eight-headed hydra is caught in a web!
Unknown command.
You puncture Bai Suzhen!
Bai Suzhen is almost dead.
You are standing in a thunderstorm.
Your juvenile shockfire beast hits Bai Suzhen but does no damage.
Bai Suzhen breathes water at you. The torrent of water hits you!!
* * * LOW HITPOINT WARNING * * *
You are knocked back by the torrent of water.
You slam into the rock wall!
You die...

*,, ,*, ##.....#, ,#........ **,
*#.,#####...#.. #^s#........ *,
,...#.#.#..###.w#..#.....### ##,
{,...#...#..#.#..#..####..#.# .##
#...........#>.#..#^.#....#
..#####.^^........#.....#..#...^.
...#.######....####.^...#..#####^
#....#^........#~###^...#..#.#.#.
##...##....##..~@#§###..#....#...
#.....######...~§DD#.#^{#.#†.#.††
####....#^.######.H..#..###..#.†.
..^....^##.......†...#..#.#..)...
<....^...#...........#.†#.....#.#
..###.........#.####.....^....###
..#.......##[.###........######.#
###.^....##...^.##..............#
..####...#..#...#..........††....


You could see Bai Suzhen (clouds, catching breath, ally target), an eight-headed
hydra (summoned, webbed) and a friendly juvenile shockfire beast (summoned).

Vanquished Creatures
  Donald (Orc:2)
  4 emperor scorpions
  An orc warlord (Bailey)
  A broodmother (Spider:2)
  A spark wasp (Spider:3)
  A fire dragon (Lair:5)
  3 entropy weavers
  Erolcha (D:10)
  An ogre mage (D:15)
  5 hydras
  2 radroaches (Spider:1)
  2 centaur warriors
  A jorogumo (Spider:3)
  5 boulder beetles
  9 two-headed ogres
  12 death yaks
  A vampire mage (D:15)
  6 orc high priests
  A tengu warrior (D:15)
  A spark wasp zombie (D:15)
  A golden dragon zombie (D:15)
  2 skeletal warriors (D:15)
  A deep troll (Orc:1)
  A pharaoh ant (Spider:1)
  5 steelbarb worms
  A storm dragon skeleton (D:15)
  3 orb spiders
  2 lindwurms (Lair:5)
  2 deep elf pyromancers
  3 ugly things (D:14)
  9 orc knights
  3 necromancers
  3 wolf spider zombies (Spider:3)
  2 cyclopes
  2 manticores
  5 orc sorcerers
  15 wolf spiders
  A moth of wrath (Spider:2)
  3 black mambas
  Maurice (D:9)
  A merfolk siren (Lair:3)
  12 elephants
  2 molten gargoyles (Lair:5)
  11 cane toads
  A cane toad (shapeshifter) (D:13)
  6 torpor snails
  A gargoyle (D:13)
  2 unseen horrors (D:12)
  8 redback zombies (Spider:3)
  24 komodo dragons
  An efreet (D:15)
  3 rime drakes
  2 kobold demonologists (D:11)
  5 demonic crawlers
  A tengu conjurer (D:15)
  4 polar bears
  5 trolls
  6 tarantella zombies (Spider:3)
  15 tarantellas
  Prince Ribbit (D:6)
  An ettin zombie (D:15)
  7 culicivora zombies (Spider:3)
  13 culicivoras
  19 jumping spiders
  6 wyverns
  A wraith (Ossuary)
  41 yaks
  A hog (shapeshifter) (D:15)
  A basilisk (shapeshifter) (D:14)
  4 basilisks
  A steam dragon (Lair:5)
  53 redbacks
  19 vampire mosquitoes
  5 wargs
  3 acid dragons
  11 water moccasins
  3 hell hounds (Lair:5)
  4 ice beasts
  3 black bears
  27 orc warriors
  5 wolves (Lair:5)
  7 ogres
  4 boggarts (D:14)
  7 centaurs
  A phantom (D:6)
  4 kobold brigands
  2 necrophages
  4 scorpions
  A gnoll sergeant (D:10)
  7 bullfrogs
  6 wights
  6 killer bees (D:11)
  3 electric eels
  7 howler monkeys
  5 lava snakes (Lair:5)
  2 hounds
  2 jellies (D:5)
  A human zombie (D:8)
  28 orc priests
  19 iguanas
  18 orc wizards
  2 mummies
  5 adders
  19 gnolls
  2 shadow imps
  A white imp (D:6)
  2 ufetubi
  2 worms (D:2)
  3 dart slugs
  54 orcs
  6 bats
  8 endoplasms
  A giant cockroach (D:4)
  19 goblins
  15 hobgoblins
  3 quokkas
  4 ball pythons
  16 frilled lizards
  7 gnoll skeletons (Ossuary)
  29 kobolds
  4 kobold skeletons (Ossuary)
  14 orc skeletons (Ossuary)
  6 rats
819 creatures vanquished.

Vanquished Creatures (collateral kills)
  Gastronok (D:8)
  2 jorogumos (Spider:3)
  A pharaoh ant (Spider:3)
  A steelbarb worm (Spider:3)
  2 wolf spiders (Spider:3)
  4 tarantellas
  3 jumping spiders (Spider:3)
  5 culicivoras
  6 redbacks (Spider:3)
  An ogre (Orc:2)
  An orc wizard (Orc:2)
27 creatures vanquished.

Vanquished Creatures (others)
  A wolf spider (Spider:1)
  2 ball lightnings (Spider:2)
  30 fungi
  64 plants
  3 withered plants (D:15)
100 creatures vanquished.

Grand Total: 946 creatures vanquished

Notes
Turn   | Place    | Note
-------+----------+-------------------------------------------
     0 | D:1      | Zonian the Djinni Ice Elementalist began the quest for the
                  | Orb.
     0 | D:1      | Zonian set off with the following spells memorised: Freeze,
                  | Frozen Ramparts, Ozocubu's Armour, Summon Ice Beast.
     0 | D:1      | Reached XP level 1. HP: 15/15 MP: 0/0
    90 | D:1      | Reached XP level 2. HP: 20/21 MP: 0/0
   518 | D:1      | Reached XP level 3. HP: 25/25 MP: 0/0
   518 | D:1      | Learned a level 1 spell: Sandblast
  1255 | D:2      | Reached XP level 4. HP: 18/31 MP: 0/0
  1445 | D:2      | Found a shadowy altar of Dithmenos.
  2013 | D:3      | Found a faded altar of an unknown god.
  2282 | D:3      | Noticed Ijyb
  3202 | D:4      | Found a staircase to the Ecumenical Temple.
  3207 | Temple   | Entered the Ecumenical Temple
  3249 | Temple   | Became a worshipper of Ashenzari the Shackled
  3296 | D:4      | Reached XP level 5. HP: 30/35 MP: 0/0
  3296 | D:4      | Learned a level 2 spell: Static Discharge
  3939 | D:5      | Entered Level 5 of the Dungeon
  4023 | D:5      | Reached XP level 6. HP: 26/40 MP: 0/0
  4233 | D:5      | Reached skill level 5 in Dodging
  4487 | D:5      | Reached * piety under Ashenzari
  4502 | D:5      | Noticed an ice beast
  4515 | D:5      | Killed an ice beast
  4516 | D:5      | Reached XP level 7. HP: 28/45 MP: 0/0
  4516 | D:5      | Learned a level 3 spell: Teleport Other
  4652 | D:5      | Reached skill level 5 in Spellcasting
  5043 | D:6      | Reached XP level 8. HP: 50/50 MP: 0/0
  5106 | D:6      | Noticed Prince Ribbit
  5116 | D:6      | Killed Prince Ribbit
  6132 | D:6      | Reached XP level 9. HP: 33/55 MP: 0/0
  6132 | D:6      | Learned a level 3 spell: Stone Arrow
  7380 | D:7      | Reached ** piety under Ashenzari
  7396 | D:7      | Found Hubiofi's Distillery.
  7430 | D:7      | Bought a potion of heal wounds for 75 gold pieces
  7430 | D:7      | Bought a potion of resistance for 150 gold pieces
  7430 | D:7      | Bought a potion of heal wounds for 75 gold pieces
  7584 | D:7      | Found a hazy altar of Hepliaklqana.
  7831 | D:7      | Found Ytorch Syjoh's Assorted Antiques.
  7839 | D:7      | Bought a ruby potion for 18 gold pieces
  7844 | D:7      | Found Tadghuohe's Book Shop.
  7991 | D:7      | Found Dethyzayv's Armour Boutique.
  8057 | D:7      | Found a sacrificial altar of Ru.
  8137 | D:7      | Found Kaedeer's Armour Emporium.
  8728 | D:8      | Reached skill level 1 in Fighting
  8812 | D:8      | Reached XP level 10. HP: 64/67 MP: 0/0
  8813 | D:8      | Reached skill level 2 in Fighting
  8967 | D:8      | Found a sand-covered staircase.
  8976 | Ossuary  | Entered an ossuary
  9200 | Ossuary  | Reached skill level 8 in Fighting
  9200 | Ossuary  | Reached skill level 10 in Spellcasting
  9200 | Ossuary  | Reached XP level 11. HP: 85/85 MP: 0/0
  9200 | Ossuary  | Learned a level 4 spell: Passage of Golubria
 10077 | D:8      | Noticed Gastronok
 10085 | D:8      | HP: 3/86 [Gastronok/the air (24)]
 10086 | D:8      | Killed Gastronok
 10388 | D:9      | Found a flagged portal.
 10443 | Bailey   | Entered a bailey
 10660 | Bailey   | Reached skill level 9 in Fighting
 10683 | Bailey   | Noticed an orc knight
 10707 | Bailey   | Killed an orc knight
 11213 | Bailey   | Noticed an orc warlord
 11233 | Bailey   | Killed an orc warlord
 11398 | Bailey   | Identified a scroll of acquirement
 11698 | D:7      | Acquired a manual of Short Blades
 11799 | D:9      | Reached skill level 1 in Short Blades
 12057 | D:9      | Found a staircase to the Lair.
 12087 | D:9      | Found a stormy altar of Qazlal.
 12151 | D:9      | Identified the +8 rapier of Bile {vorpal, Int+2}
 12269 | D:9      | Found a snail-covered altar of Cheibriados.
 12414 | D:9      | Reached skill level 10 in Fighting
 12420 | D:9      | Reached XP level 12. HP: 36/95 MP: 0/0
 12692 | D:9      | Noticed Maurice
 12699 | D:9      | Killed Maurice
 12902 | Lair:1   | Entered Level 1 of the Lair of Beasts
 14157 | Lair:1   | Reached skill level 5 in Short Blades
 14654 | Lair:1   | Noticed a death yak
 14890 | Lair:1   | Reached skill level 11 in Fighting
 14894 | Lair:1   | Killed a death yak
 15289 | Lair:2   | Noticed a catoblepas
 15367 | Lair:2   | Noticed an eight-headed hydra
 15396 | Lair:2   | Noticed a seven-headed hydra
 15406 | Lair:2   | Killed a seven-headed hydra
 15431 | Lair:2   | Identified the cursed +0 cloak "Oracular Stickiness" {Cun,
                  | Fort} (You found it on level 1 of the Dungeon)
 15431 | Lair:2   | Identified the cursed +2 pair of gloves of Ashenzari's
                  | Affliction {Fort, Self} (You found it on level 5 of the
                  | Dungeon)
 15431 | Lair:2   | Identified the cursed +0 robe "At What Cost Knowledge?"
                  | {Melee, Self}
 15512 | Lair:2   | Reached XP level 13. HP: 95/103 MP: 0/0
 15512 | Lair:2   | Learned a level 5 spell: Blade Hands
 15754 | Lair:2   | Killed an eight-headed hydra
 15842 | Lair:2   | Found a runed translucent door.
 15843 | Lair:2   | Noticed mcwallace's ghost (novice TrTm)
 15843 | Lair:2   | Identified the +8 shortbow "Qyka" {drain, Fly MP+9}
 15998 | Lair:3   | Found a frozen archway.
 16029 | Lair:3   | Found a hole to the Spider Nest.
 16169 | Lair:3   | Identified the +2 pair of boots of Devotion {Fly Str+4
                  | SInv}
 16517 | D:7      | Bought a +0 helmet for 63 gold pieces
 17638 | Lair:3   | Reached skill level 12 in Fighting
 17638 | Lair:3   | Reached skill level 1 in Shields
 18491 | Lair:3   | Found a staircase to the Shoals.
 19428 | Lair:4   | Identified the +1 leather armour "Jufeir" {Str+6 Int+2
                  | Dex-3 SInv}
 19467 | Lair:4   | Noticed a five-headed hydra
 19497 | Lair:4   | Killed a five-headed hydra
 19609 | Lair:4   | Noticed a six-headed hydra
 19621 | Lair:4   | Killed a six-headed hydra
 19622 | Lair:4   | Reached skill level 10 in Short Blades
 19898 | Lair:4   | Found a runed translucent door.
 19899 | Lair:4   | Found a viscous altar of Jiyva.
 19899 | Lair:4   | Noticed an azure jelly
 19900 | Lair:4   | Found a staircase to the Slime Pits.
 19900 | Lair:4   | Noticed an azure jelly
 21156 | Lair:4   | Reached XP level 14. HP: 87/112 MP: 0/0
 22398 | Lair:4   | Reached skill level 13 in Fighting
 22628 | Lair:5   | Entered Level 5 of the Lair of Beasts
 23992 | Lair:5   | Found a large runed translucent door.
 23992 | Lair:5   | Found a large runed translucent door.
 25751 | D:10     | Entered Level 10 of the Dungeon
 26116 | D:10     | Noticed Erolcha
 26523 | D:10     | Killed Erolcha
 27001 | D:10     | Reached XP level 15. HP: 114/118 MP: 0/0
 27001 | D:10     | Learned a level 6 spell: Simulacrum
 27385 | D:11     | Reached skill level 14 in Fighting
 27655 | D:11     | Identified the ring of Attitude {rPois rF+ rC+ Int-3}
 27892 | D:11     | Found a staircase to the Orcish Mines.
 28019 | D:11     | Found a white marble altar of Elyvilon.
 28717 | D:11     | Upgraded the game from 0.30-a0-365-ge7f957f1db to
                  | 0.30-a0-368-g86fb4627a9
 29121 | D:12     | Reached *** piety under Ashenzari
 29411 | D:12     | Identified the Anthology of Superposition
 29428 | D:12     | Identified the +2 long sword "Virhan" {antimagic, rElec
                  | SInv}
 30812 | D:13     | Identified the +1 dagger of the Dungeon {speed, *Noise rF+
                  | SInv Stlth+}
 33088 | D:14     | Found a gate to the Vaults.
 33120 | D:15     | Entered Level 15 of the Dungeon
 33419 | D:15     | Reached skill level 1 in Evocations
 33569 | D:15     | Found a staircase to the Depths.
 33654 | D:15     | Found a transporter.
 33867 | D:15     | Reached skill level 15 in Fighting
 35674 | D:15     | Found a transporter.
 35810 | Orc:1    | Entered Level 1 of the Orcish Mines
 35847 | Orc:1    | Reached XP level 16. HP: 126/132 MP: 0/0
 36702 | Orc:1    | Found Sep Gatt's Magic Scroll Shoppe.
 36866 | Orc:1    | Reached skill level 1 in Ranged Weapons
 37323 | Orc:2    | Entered Level 2 of the Orcish Mines
 37323 | Orc:2    | Found a staircase to the Elven Halls.
 38154 | Orc:2    | Reached skill level 5 in Evocations
 38174 | Orc:2    | Found Pigovi Oppu's Distillery.
 38182 | Orc:2    | Bought a potion of heal wounds for 85 gold pieces
 38225 | Orc:2    | Noticed Donald
 38240 | Orc:2    | Killed Donald
 38274 | Orc:2    | Found Ihiulooki's Weapon Shop.
 38274 | Orc:2    | Found Luagh's Jewellery Shop.
 38277 | Orc:2    | Found Kuroj's Jewellery Boutique.
 38279 | Orc:2    | Found Fyme's Armour Boutique.
 38420 | Orc:2    | Bought an amulet of reflection for 450 gold pieces
 39109 | Spider:1 | Entered Level 1 of the Spider Nest
 39110 | Spider:1 | Noticed an emperor scorpion
 39608 | Spider:1 | Killed an emperor scorpion
 40042 | Spider:1 | Noticed an emperor scorpion
 40354 | Spider:1 | Killed an emperor scorpion
 40896 | Spider:1 | Reached skill level 5 in Shields
 41223 | Spider:1 | Noticed an emperor scorpion
 41246 | Spider:1 | Killed an emperor scorpion
 41819 | Spider:1 | Reached **** piety under Ashenzari
 42111 | Spider:2 | Reached skill level 5 in Ranged Weapons
 42144 | Spider:2 | Reached XP level 17. HP: 134/138 MP: 0/0
 42144 | Spider:2 | Learned a level 6 spell: Conjure Ball Lightning
 45179 | Spider:2 | Found a runed translucent gate.
 45179 | Spider:2 | Found a runed translucent gate.
 45179 | Spider:2 | Found a runed translucent gate.
 45183 | Spider:2 | Noticed Mecw's ghost (adept GrFi)
 45184 | Spider:2 | Identified the +1 pair of gloves of the Game of Life
                  | {Slay+3}
 45184 | Spider:2 | Identified the ring of the Mutiny {Fly rElec rC- MP+9
                  | Int+3}
 46065 | Spider:3 | Noticed Bai Suzhen
 47374 | Spider:3 | Reached skill level 10 in Ranged Weapons
 47512 | Spider:3 | Found the ring of the Mage {Wiz Archmagi}
 47929 | Spider:3 | Collided with a rock wall

Illustrated notes

Levels and vault maps discovered:
D:1:      roderic_crop_circles_arrival_small, layout_basic,
          chequers_serial_rivers_room_a
D:2:      cheibrodos_old_hovel, layout_rooms, basic_altar
D:3:      layout_loops_corners, shapermc_ecumenical_altar_pompeii, uniq_ijyb
D:4:      layout_gridville, mainiacjoe_overflow_brackets, temple_doors_e
D:5:      layout_basic
D:6:      hellmonk_crumbling_castle, layout_basic, grunt_ministairs_6,
          uniq_prince_ribbit1
D:7:      cheibrodos_helix_gallery, layout_gridville, nicolae_ru_awakened_eye,
          nzn_hepliaklqana_mist_gate, serial_shops, shop, shop, kennysheep_mini,
          nicolae_lakefront_shop, shop
D:8:      layout_gridville, enter_ossuary_3, grunt_ministairs_14,
          dk_noncrumbling_2, uniq_gastronok
D:9:      layout_roguey, grunt_qazlal_sundering, slow_altar_1,
          dpeg_oklobed_lair, enter_bailey_4, serial_park_tiny_pond, uniq_maurice
D:10:     layout_basic, uniq_erolcha
D:11:     layout_loops_ring, orc_0_dummy, nicolae_elyvilon_temple_path
D:12:     layout_irregular_city
D:13:     layout_irregular_city, nrook_mini_backslash
D:14:     layout_layer_cave, david_vaults_1, minmay_fountain_box
D:15:     gammafunk_depths_entry_grave, layout_gridville,
          minmay_misc_feat_hallway, nicolae_diode_stairs
Temple:   bh_familiar_temple
Lair:1:   layout_regular_city, gammafunk_lair_bear_cave, serial_bayou_shore_b
Lair:2:   layout_misc_corridors, gammafunk_ghost_grave
Lair:3:   lemuel_reptile_caves, layout_small_grid,
          minmay_shoals_entry_lonely_mermaid, nicolae_spider_entry_tight_spaces,
          portal_ice_cave_entry_pillars_1, serial_bayou_shore_a
Lair:4:   layout_regular_city, slime_entry_2, disabler_island,
          infiniplex_staircase_pool_2, grunt_megastairs_5
Lair:5:   cheibrodos_lair_end_hotspot, layout_small_grid, minivault_11
Spider:1: layout_spider_delve
Spider:2: layout_spider_delve, gammafunk_ghost_tricky_traps,
          nicolae_spider_checkerboard
Spider:3: lemuel_spider_zombies, uniq_bai_suzhen
Orc:1:    layout_caves, guppyfry_orc_lava_fort
Orc:2:    st_orc_mages, layout_caves, serial_shops, shop, uniq_donald

Skill      XL: |  1  2  3  4  5  6  7  8  9 10 11 12 13 14 15 16 17 |
---------------+----------------------------------------------------+-----
Stealth        | 2 |  2.3
Dodging        | 3 4 5 6 8 9 |  9.9
Spellcasting   | 4 5 6 7 10 11 12 13 14 | 14.2
Fighting       | 1 8 10 11 12 13 15 | 15.6
Short Blades   | 2 7 10 12 13 | 13.3
Shields        | 2 5 |  5.5
Evocations     | 3 6 |  6.3
Ranged Weapons | 5 10 | 10.2

Action                   |  1- 3 |  4- 6 |  7- 9 | 10-12 | 13-15 | 16-18 || total
-------------------------+-------+-------+-------+-------+-------+-------++-------
Melee: Unarmed           |     6 |       |       |       |    11 |       ||    17
       Dagger            |    30 |    67 |       |       |       |       ||    97
       Short sword       |       |    21 |   191 |   192 |       |       ||   404
       Punch             |       |     1 |     4 |     4 |       |       ||     9
       Rapier            |       |       |       |   152 |  1197 |   978 ||  2327
 Fire: Sling             |       |       |    43 |    12 |       |   122 ||   177
Throw: Javelin           |       |       |       |       |     1 |       ||     1
       Throwing net      |       |       |       |       |       |     1 ||     1
 Cast: Freeze            |    38 |    65 |       |       |       |       ||   103
       Sandblast         |       |    10 |    33 |     4 |       |     1 ||    48
       Ozocubu's Armour  |       |     1 |     2 |    11 |    27 |    16 ||    57
       Frozen Ramparts   |       |       |     8 |    24 |    41 |    20 ||    93
       Teleport Other    |       |       |     1 |       |     3 |     1 ||     5
       Stone Arrow       |       |       |     7 |    98 |   129 |   125 ||   359
       Summon Ice Beast  |       |       |       |     1 |     8 |     2 ||    11
       Passage of Golubr |       |       |       |     1 |       |     1 ||     2
       Blade Hands       |       |       |       |       |     2 |       ||     2
       Static Discharge  |       |       |       |       |     1 |     8 ||     9
       Simulacrum        |       |       |       |       |       |    16 ||    16
       Conjure Ball Ligh |       |       |       |       |       |     1 ||     1
Invok: Curse Item        |       |     2 |     1 |       |     3 |     2 ||     8
       Shatter the Chain |       |       |       |       |     1 |     2 ||     3
Evoke: Wand              |       |       |       |     2 |     2 |    14 ||    18
       Box of beasts     |       |       |       |       |       |     3 ||     3
  Use: Scroll            |       |    10 |     1 |     2 |    14 |    12 ||    39
       Potion            |       |     2 |       |     6 |     3 |     8 ||    19
 Stab: Sleeping          |     2 |     2 |     4 |     3 |     3 |     5 ||    19
       Distracted        |       |       |       |       |     3 |     9 ||    12
       Paralysed         |       |       |       |       |       |     3 ||     3
       Held in net/web   |       |       |       |       |       |     2 ||     2
Armor: Robe              |    15 |    28 |    67 |    59 |   107 |       ||   276
       Skin              |       |       |       |     6 |       |       ||     6
       Leather armour    |       |       |       |       |    94 |   209 ||   303
Dodge: Dodged            |    51 |    79 |   181 |   277 |   642 |   612 ||  1842
Block: Buckler           |       |       |       |    13 |   326 |   236 ||   575
       Kite shield       |       |       |       |       |       |   644 ||   644
       Reflection        |       |       |       |       |       |     4 ||     4

Table legend: (Time is in decaauts)
 A = Elapsed time spent in this place.
 B = Non-inter-level travel time spent in this place.
 C = Inter-level travel time spent in this place.
 D = Time resting spent in this place.
 E = Time spent auto-exploring this place.
 F = Levels seen in this place.
 G = Mean time per level.
                   A        B        C        D        E       F      G
               +--------+--------+--------+--------+--------+-----+--------+
         Total |  47167 |  45768 |   1399 |  20385 |  15380 |  28 | 1684.5 |
       Dungeon |  21762 |  20940 |    822 |   7133 |  10083 |  15 | 1450.8 |
        Temple |     60 |     42 |     18 |      0 |     34 |   1 |   60.0 |
          Lair |  12959 |  12525 |    434 |   6245 |   3499 |   5 | 2591.8 |
   Spider Nest |   7850 |   7774 |     76 |   4994 |    938 |   3 | 2616.7 |
  Orcish Mines |   3074 |   3026 |     48 |   1428 |    711 |   2 | 1537.0 |
       Ossuary |    259 |    259 |      0 |      0 |      7 |   1 |  259.0 |
        Bailey |   1200 |   1200 |      0 |    584 |    108 |   1 | 1200.0 |
               +--------+--------+--------+--------+--------+-----+--------+

Top non-repeatable levels by time:
  Lair:3: 4034 daAuts
Spider:1: 3053 daAuts
Spider:2: 2779 daAuts
  Lair:5: 2732 daAuts
  Lair:1: 2624 daAuts
    D:15: 2529 daAuts
  Lair:4: 2319 daAuts
    D:14: 2186 daAuts
     D:6: 2085 daAuts
Spider:3: 2017 daAuts
     D:7: 1939 daAuts
   Orc:1: 1746 daAuts
    D:11: 1656 daAuts
     D:8: 1552 daAuts
    D:10: 1402 daAuts
